 Dungeon Crawl Stone Soup version bcrawl-1.27.6 (webtiles) character file.

Game seed: 1187234228455552696

156248 DogServant the Chopper (level 5, 0/42 HPs)
             Began as a Sand Dwarf Skald on Oct 12, 2020.
             Slain by a crocodile (13 damage)
             ... on level 3 of the Dungeon.
             The game lasted 00:03:45 (2436 turns).

DogServant the Chopper (Sand Dwarf Skald)           Turns: 2436, Time: 00:03:46

Health: 0/42       AC:  8    Str: 16    XL:     5   Next: 59%
Magic:  4/8        EV:  9    Int: 14    God:
Gold:   199        SH:  2    Dex: 10    Spells: 5/8 levels left

rFire    . . .     SeeInvis .   f - +0 war axe
rCold    . . .     Gourm    +   (shield restricted)
rNeg     . . .     Faith    .   l - +0 chain mail
rPois    .         Spirit   .   (no helmet)
rElec    .         Reflect  .   (no cloak)
rCorr    .         Harm     .   (no gloves)
MR       .....                  (no boots)
Stlth    ..........             o - amulet of the gourmand
HPRegen  0.14/turn              (no ring)
MPRegen  0.11/turn              (no ring)

@: infused, singing, slow
A: small, slowness 1, armour attunement
a: no special abilities


You were on level 3 of the Dungeon.
You were hungry.

You visited 1 branch of the dungeon, and saw 3 of its levels.

You collected 199 gold pieces.

Inventory:

Hand Weapons
 f - a +0 war axe (weapon)
Armour
 b - a +0 leather armour
 l - a +0 chain mail (worn)
Jewellery
 o - an amulet of the gourmand (around neck)
Scrolls
 c - 4 scrolls of identify
 d - 2 scrolls of fear
 j - 2 scrolls of teleportation {unknown}
 k - 2 scrolls of remove curse {unknown}
 n - 3 scrolls of enchant armour {unknown}
 p - a scroll of enchant weapon {unknown}
 q - a scroll of amnesia {unknown}
 s - 3 scrolls of fog {unknown}
Potions
 g - a potion of agility {unknown}
 h - 2 potions of mutation {unknown}
 i - 2 potions of curing {unknown}
 m - a potion of lignification {unknown}
 r - a potion of haste {unknown}
Comestibles
 a - 2 chunks of flesh
 e - 5 rations {!d}


   Skills:
 - Level 2.5 Fighting
 + Level 4.8 Axes
 - Level 1.2 Armour
 - Level 1.6 Dodging
 - Level 2.0 Spellcasting
 + Level 4.7 Charms


You had 5 spell levels left.
You knew the following spells:

 Your Spells              Type           Power        Failure   Level  Hunger
a - Infusion              Chrm           ##......     3%          1    None
b - Song of Slaying       Chrm           ##......     4%          2    ##.....

Your spell library contained the following spells:

 Spells                   Type           Power        Failure   Level  Hunger
 Ozocubu's Armour         Chrm/Ice       #.......     26%         3    ####...
 Regeneration             Chrm/Necr      #.........   26%         3    ####...
 Spectral Weapon          Hex/Chrm       #.......     26%         3    ####...


Dungeon Overview and Level Annotations

Branches:
Dungeon (3/12)

Altars:


Innate Abilities, Weirdness & Mutations

You are small and have problems with some larger weapons.
You cover ground slowly.
Armour does not affect your spellcasting.


Message History

You have encountered a dangerous foe!
Casting: Infusion (safe; 3% risk of failure)
Confirm with . or Enter, or press ? or * to list all spells.
You begin infusing your attacks with magical energy.
Casting: Infusion (safe; 3% risk of failure)
Confirm with . or Enter, or press ? or * to list all spells.
You start singing a song of slaying.
The crocodile closely misses you.
You hit the crocodile.
The crocodile is lightly wounded.
The crocodile bites you but does no damage.
You closely miss the crocodile.
The crocodile is lightly wounded.
The crocodile puts on a burst of speed!
The crocodile bites you!
You slash the crocodile!
The crocodile is heavily wounded.
The crocodile bites you!
You barely miss the crocodile.
The crocodile is heavily wounded.
The crocodile bites you!
You die...

######.....>............#
#...#########......#
#...............#.##
#....############.#
#....#.......# .# #....#.......#
#.# #....#.......# #.#
#############....#t......####.##
................@#.......#.....#
##############...t<......#....<#
.....# #....)#######.....#
####.#########.....[.....'.....#
#...............)###...#.....#
#..#########.#...# #...#....>#
#..# ######'#...###...#.....##
#..# #...........##...###.....
###..####.......###.######
#.....


You could see a crocodile.

Vanquished Creatures
  A centaur (D:3)
  An adder (D:2)
  An ooze (D:1)
  3 dart slugs
  3 leopard geckos
  10 orcs
  A ball python (D:1)
  2 giant cockroaches (D:1)
  2 goblins (D:1)
  6 hobgoblins
  13 jackals
  3 quokkas
  4 bats
  2 frilled lizards
  5 kobolds
  7 rats
64 creatures vanquished.

Notes
Turn   | Place    | Note
-------+----------+-------------------------------------------
     0 | D:1      | DogServant the Sand Dwarf Skald began the quest for the
                  | Orb.
     0 | D:1      | Reached XP level 1. HP: 18/18 MP: 3/3
   113 | D:1      | Reached XP level 2. HP: 22/25 MP: 5/5
   476 | D:1      | Reached XP level 3. HP: 25/30 MP: 0/6
   876 | D:2      | Learned a level 2 spell: Song of Slaying
  1288 | D:2      | Found a faded altar of an unknown god.
  1328 | D:2      | Reached XP level 4. HP: 21/37 MP: 3/7
  1613 | D:3      | Noticed a centaur
  1627 | D:3      | Killed a centaur
  1627 | D:3      | Reached XP level 5. HP: 19/42 MP: 2/8
  2427 | D:3      | Noticed a crocodile
  2436 | D:3      | Slain by a crocodile

Skill      XL: |  1  2  3  4 |
---------------+-------------+-----
Axes           | 3 4 |  4.8
Charms         | 4 |  4.7
Fighting       | |  2.5
Armour         | |  1.2
Dodging        | |  1.6
Spellcasting   | |  2.0

Action                   |  1- 3 |  4- 6 || total
-------------------------+-------+-------++-------
Melee: Hand axe          |   114 |    56 ||   170
       War axe           |       |    16 ||    16
 Cast: Infusion          |    11 |     6 ||    17
       Song of Slaying   |       |     3 ||     3
  Eat: Chunk             |     6 |     5 ||    11
Armor: Leather armour    |    46 |       ||    46
       Chain mail        |     9 |    35 ||    44
Dodge: Dodged            |    96 |    38 ||   134
Block: Other             |       |     5 ||     5
